 Dungeon Crawl Stone Soup version 0.24-a0-307-gf989941 (webtiles) character file.

Game seed: 16842595381878586291

67 nikopol the Firebug (level 4, -3/24 HPs)
             Began as a Deep Elf Fire Elementalist on May 13, 2019.
             Slain by Ijyb
             ... wielding a +5 club
              (8 damage)
             ... while paralysed by Ijyb
             ... on level 3 of the Dungeon.
             The game lasted 00:04:50 (2210 turns).

nikopol the Firebug (Deep Elf Fire Elementalist)    Turns: 2210, Time: 00:04:51

Health: -3/24      AC:  2    Str:  5    XL:     4   Next: 0%
Magic:  1/12       EV:  2    Int: 21    God:
Gold:   177        SH:  0    Dex: 15    Spells: 5/11 levels left

rFire    . . .     SeeInvis .   e - +0 short sword
rCold    . . .     Gourm    .   (no shield)
rNeg     . . .     Faith    .   a - +0 robe
rPois    .         Spirit   .   (no helmet)
rElec    .         Reflect  .   (no cloak)
rCorr    .         Harm     .   (no gloves)
MR       .....                  (no boots)
Stlth    ++........             (no amulet)
HPRegen  0.08/turn              (no ring)
MPRegen  0.13/turn              (no ring)

@: paralysed
A: no striking features
a: no special abilities


You were on level 3 of the Dungeon.
You were not hungry.

You visited 1 branch of the dungeon, and saw 3 of its levels.

You collected 177 gold pieces.

Inventory:

Hand Weapons
 e - a +0 short sword (weapon)
Armour
 a - a +0 robe (worn)
Scrolls
 d - a scroll of teleportation
 f - a scroll of identify {unknown}
 g - a scroll of fear {unknown}
Potions
 b - a potion of haste {unknown}
Comestibles
 c - 2 rations
 h - a chunk of flesh


   Skills:
 + Level 2.6 Dodging
 + Level 2.7 Stealth
 + Level 4.1 Spellcasting
 + Level 1.6 Conjurations
 + Level 4.3 Fire Magic


You had 5 spell levels left.
You knew the following spells:

 Your Spells              Type           Power        Failure   Level  Hunger
a - Flame Tongue          Conj/Fire      ###..        3%          1    None
b - Throw Flame           Conj/Fire      ###...       5%          2    #......
c - Conjure Flame         Conj/Fire      ###.....     11%         3    ###....

Your spell library contained the following spells:

 Spells                   Type           Power        Failure   Level  Hunger
 Inner Flame              Hex/Fire       ##......     14%         3    ###....
 Sticky Flame             Conj/Fire      ###.....     34%         4    ####...
 Fireball                 Conj/Fire      ###.......   67%         5    ######.


Dungeon Overview and Level Annotations

Branches:
Dungeon (3/15)

Altars:

Annotations:
D:3 Ijyb


Message History

Press: ? - help, Shift-Dir - straight line, f/p - Ijyb
Aim: Ijyb, wielding a +5 club, wearing a +0 chain mail and carrying a wand of paralysis (7) (severely wounded)
The flame tongue hits Ijyb but does no damage.
Ijyb is severely wounded.
Ijyb zaps a wand.
You resist with some effort.
Casting: Flame Tongue (safe; 3% risk of failure)
Confirm with . or Enter, or press ? or * to list all spells.
Aiming: Flame Tongue (safe; 3% risk of failure)
Press: ? - help, Shift-Dir - straight line, f/p - Ijyb
Aim: Ijyb, wielding a +5 club, wearing a +0 chain mail and carrying a wand of paralysis (6) (severely wounded)
The flame tongue hits Ijyb but does no damage.
Ijyb is severely wounded.
Ijyb screams, "Level is mine!
All mine!"
Ijyb hits you with a +5 club.
Ijyb zaps a wand.
You suddenly lose the ability to move!
Ijyb hits you with a +5 club!
* * * LOW HITPOINT WARNING * * *
Ijyb zaps a wand.
You shrug off the repeated paralysis!
Ijyb hits you with a +5 club!
You die...

##....#.##
####...#
###g# #รท#
#g####
#(...#
########g#
#.....##g#
#.###>##@#
#..<#.##.#
#####....#
####.# ###


You could see Ijyb and a hobgoblin.

Vanquished Creatures
  An adder (D:2)
  An ooze (D:2)
  2 dart slugs
  A leopard gecko (D:1)
  4 bats
  3 giant cockroaches
  6 hobgoblins
  2 jackals (D:3)
  2 quokkas (D:2)
  2 ball pythons
  4 frilled lizards
  5 goblins (D:1)
  5 kobolds
  12 rats
50 creatures vanquished.

Notes
Turn   | Place    | Note
-------+----------+-------------------------------------------
     0 | D:1      | nikopol the Deep Elf Fire Elementalist began the quest for
                  | the Orb.
     0 | D:1      | Reached XP level 1. HP: 10/10 MP: 6/6
   369 | D:1      | Reached XP level 2. HP: 15/15 MP: 6/8
  1176 | D:1      | Reached XP level 3. HP: 19/19 MP: 8/10
  1305 | D:2      | Learned a level 2 spell: Throw Flame
  1309 | D:2      | Learned a level 3 spell: Conjure Flame
  2169 | D:3      | Noticed Ijyb
  2190 | D:3      | Reached XP level 4. HP: 24/24 MP: 9/12
  2197 | D:3      | Paralysed by Ijyb for 2 turns
  2206 | D:3      | Paralysed by Ijyb for 5 turns
  2210 | D:3      | Slain by Ijyb

Levels and vault maps discovered:
D:1:      minmay_arrival_loop, layout_basic
D:2:      layout_loops_ring, chequers_serial_rivers_large_a,
          corexii_hall_statues_l
D:3:      layout_basic, gammafunk_ghost_necromancy, first_ration,
          hangedman_decor_points, serial_bayou_lagoon_b, uniq_ijyb

Skill      XL: |  1  2  3 |
---------------+----------+-----
Fire Magic     | 4 |  4.3
Spellcasting   | 4 |  4.1
Dodging        | |  2.6
Stealth        | |  2.7
Conjurations   | |  1.6

Action                   |  1- 3 |  4- 6 || total
-------------------------+-------+-------++-------
 Cast: Flame Tongue      |    71 |    11 ||    82
  Use: Scroll            |     1 |       ||     1
  Eat: Chunk             |     4 |       ||     4
Armor: Robe              |     4 |       ||     4
Dodge: Dodged            |    11 |     2 ||    13

Table legend:
 A = Non-vault XP
 B = Vault XP
 C = Vault XP percentage of total XP
 D = Non-vault monster count
 E = Vault monster count
 F = Vault count percentage of total count
                 A         B        C        D         E       F
            +---------+---------+-------+---------+---------+-------
      Total |      97 |       0 |   0.0 |      50 |       0 |   0.0
            +---------+---------+-------+---------+---------+-------
        D:1 |      42 |       0 |   0.0 |      27 |       0 |   0.0
        D:2 |      46 |       0 |   0.0 |      18 |       0 |   0.0
        D:3 |       9 |       0 |   0.0 |       5 |       0 |   0.0
            +---------+---------+-------+---------+---------+-------
